 Dungeon Crawl Stone Soup version 0.30-a0-739-gea05faddec (webtiles) character file.

Game seed: 14692795515014276127

847 junb69 the Chiller (level 8, -3/66 HPs)
             Began as an Octopode Transmuter on Feb 4, 2023.
             Slain by Duvessa
             ... wielding a +0 short sword of venom
              (8 damage)
             ... on level 4 of the Dungeon.
             The game lasted 00:09:52 (4259 turns).

junb69 the Chiller (Octopode Transmuter)            Turns: 4259, Time: 00:09:53

Health: -3/66      AC: 10    Str:  6 (9)  XL:     8   Next: 0%
Magic:  19/27      EV: 10    Int: 16 (17) God:
Gold:   309        SH:  0    Dex: 12 (13) Spells: 15/20 levels left

rFire   x . .      SeeInvis .      - Unarmed
rCold   + + +      Faith    .    (shield currently unavailable)
rNeg    . . .      Spirit   .    (helmet currently unavailable)
rPois   +          Reflect  .    (no amulet)
rElec   .          Harm     .    d - +4 ring of protection
rCorr   .          Rampage  .    j - ring of magical power
Will    .....                    (no ring)
Stlth   +                        (no ring)
HPRegen 0.31/turn                (no ring)
MPRegen 0.20/turn                (no ring)
                                 (no ring)
                                 (no ring)

@: ice-form
A: freezing attack, boosted hp, almost no armour, amphibious, 8 rings, large,
(camouflage 1), (gelatinous body 1), (nimble swimmer 1), (tentacles)
a: End Transformation


You were on level 4 of the Dungeon.
You were a creature of crystalline ice.
You visited 1 branch of the dungeon, and saw 5 of its levels.

You collected 309 gold pieces.

Inventory:

Jewellery
 d - a +4 ring of protection (left front paw)
 j - a ring of magical power (right front paw)
Scrolls
 a - 4 scrolls of identify {unknown}
 b - a scroll of vulnerability {unknown}
 c - a scroll of amnesia
 f - 2 scrolls of immolation {unknown}
 g - a scroll of silence {unknown}
 h - 2 scrolls of fear
 i - a scroll of brand weapon {unknown}
 k - a scroll of blinking {unknown}


   Skills:
 - Level 5.1 Fighting
 - Level 2.0 Dodging
 - Level 6.1 Unarmed Combat
 - Level 6.7 Spellcasting
 - Level 7.2 Transmutations
 * Level 7.6 Ice Magic


You had 15 spell levels left.
You knew the following spells:

 Your Spells              Type           Power      Damage    Failure   Level
a - Beastly Appendage     Tmut           56%        N/A       1%          1
b - Ice Form              Ice/Tmut       29%        N/A       6%          4

Your spell library contained the following spells:

 Spells                   Type           Power      Damage    Failure   Level
 Wereblood                Tmut           28%        N/A       1%          2
 Spider Form              Tmut/Pois      16%        N/A       9%          3
 Necrotise                Necr           20%        1d5       13%         1
 Vampiric Draining        Necr           5%         2d6       36%         3
 Passage of Golubria      Tloc           5%         N/A       77%         4
 Agony                    Necr           5%         N/A       98%         5
 Silence                  Hex/Air        2%         N/A       98%         5
 Lehudib's Crystal Spear  Conj/Erth      2%         10d2      100%        8


Dungeon Overview and Level Annotations

Branches:
Dungeon (5/15)
 Temple: D:4-7

Altars:
Elyvilon
Xom

Shops:
D:3 :(

Annotations:
D:4 Duvessa
D:5 1 exclusion


Innate Abilities, Weirdness & Mutations

You are a creature of crystalline ice.
You have a powerful freezing melee attack.
Your maximum health is increased.
Your armour is entirely melded.
You are incapable of wielding weapons or throwing items.
You cannot wear most types of armour.
You are amphibious.
You can wear up to eight rings at the same time.
((Your skin changes colour to match your surroundings (Stealth+).))
((Your rubbery body absorbs attacks. (AC +1, EV +1)))
((You are camouflaged when in or above water. (Stealth+)))
((You have tentacles for arms and can constrict up to eight enemies at once.))


Message History

You are poisoned.
You hit Duvessa but do no damage.
Duvessa is moderately wounded.
You feel sick. Duvessa closely misses you.
Duvessa hits you with a +0 short sword of venom.
You hit Duvessa. You freeze Duvessa.
Duvessa is moderately wounded.
You feel sick.
Duvessa hits you with a +0 short sword of venom.
You hit Duvessa. You freeze Duvessa.
Duvessa is heavily wounded.
You feel sick.
Duvessa hits you with a +0 short sword of venom! x2
* * * LOW HITPOINT WARNING * * *
It was a potion of degeneration.
There was something very wrong with that liquid.
You feel weakened.
You feel dopey.
You feel clumsy.
You feel sick. Duvessa closely misses you.
It was a potion of experience.
You feel more experienced!
Your Fighting skill gained 4 levels and is now at level 5!
Your Unarmed Combat skill gained 3 levels and is now at level 6!
Your Spellcasting skill gained 2 levels and is now at level 6!
Your Transmutations skill gained 2 levels and is now at level 7!
Your Ice Magic skill gained 5 levels and is now at level 7!
You have reached level 8!
You feel sick. Duvessa closely misses you. x2
You punch Duvessa! You freeze Duvessa.
Duvessa is severely wounded.
You feel sick.
Duvessa hits you with a +0 short sword of venom.
* * * LOW HITPOINT WARNING * * *
You hit Duvessa. You freeze Duvessa.
Duvessa is severely wounded.
You feel sick.
You are no longer poisoned.
Duvessa hits you with a +0 short sword of venom.
* * * LOW HITPOINT WARNING * * *
Duvessa hits you with a +0 short sword of venom!
You die...

......###.(......#######.#
#.......##.#.....# #.#
#..#.....>.#....)##### #.#
....#.#.#######..))..# #.#
##.###..# #.####.# #.#
#...#...# #.####.###.#
#.......### #.##.......#
#.........#####e#....#####
#..............)Y....#
#.........#####......#
........### ########
#.......# ##...####
#.#...# ##.#.## ###..#
##.#


You could see Duvessa (berserk).

Vanquished Creatures
  A bullfrog (D:5)
  Dowan (D:4)
  A hound (D:5)
  Natasha (D:3)
  2 orc wizards (D:3)
  3 adders
  7 gnolls
  An ufetubus (D:5)
  3 worms
  3 dart slugs
  16 orcs
  8 ball pythons
  An endoplasm (D:3)
  6 giant cockroaches
  11 goblins
  8 hobgoblins
  7 kobolds
  2 quokkas
  4 bats
  6 frilled lizards
  5 rats
97 creatures vanquished.

Notes
Turn   | Place    | Note
-------+----------+-------------------------------------------
     0 | D:1      | junb69 the Octopode Transmuter began the quest for the Orb.
     0 | D:1      | Reached XP level 1. HP: 13/13 MP: 3/3
   282 | D:1      | Reached XP level 2. HP: 17/18 MP: 3/5
   703 | D:1      | Reached XP level 3. HP: 20/23 MP: 4/6
  1130 | D:2      | Found a white marble altar of Elyvilon.
  1831 | D:3      | Reached XP level 4. HP: 28/28 MP: 8/8
  1836 | D:3      | Learned a level 4 spell: Ice Form
  2075 | D:3      | Reached XP level 5. HP: 20/33 MP: 8/10
  2422 | D:3      | Found a faded altar of an unknown god.
  2470 | D:3      | Noticed Natasha
  2480 | D:3      | Killed Natasha
  2616 | D:3      | Found Bedoezu's Weapon Boutique.
  2936 | D:3      | Found Licwimp's Vocational Training.
  3210 | D:4      | Noticed an ogre
  3221 | D:5      | Entered Level 5 of the Dungeon
  3227 | D:5      | Reached XP level 6. HP: 34/38 MP: 10/12
  3364 | D:5      | Noticed an ice beast
  3735 | D:5      | Found a shimmering altar of Xom.
  4113 | D:4      | Reached skill level 5 in Transmutations
  4134 | D:4      | Noticed Dowan
  4205 | D:4      | Reached skill level 1 in Ice Magic
  4246 | D:4      | Noticed Duvessa
  4249 | D:4      | Killed Dowan
  4250 | D:4      | Reached XP level 7. HP: 43/43 MP: 13/13
  4257 | D:4      | Reached skill level 5 in Fighting
  4257 | D:4      | Reached XP level 8. HP: 13/55 MP: 18/18
  4259 | D:4      | Slain by Duvessa

Illustrated notes

Levels and vault maps discovered:
D:1:      dpeg_arrival_tiny_a, layout_loops_corners, serial_forest,
          infiniplex_forest_clump_long, infiniplex_forest_lined_room_2,
          infiniplex_forest_lined_2, infiniplex_forest_straight_5,
          infiniplex_forest_lined_3, infiniplex_forest_end_1,
          infiniplex_forest_straight_1, infiniplex_forest_split,
          minmay_crystal_room
D:2:      layout_rooms, basic_altar, nicolae_titane
D:3:      layout_basic, serial_shops, shop, shapermc_ecumenical_altar_pompeii,
          nicolae_shop_vocational, uniq_natasha
D:4:      layout_loops_cross, lightli_temple_of_fire, uniq_duvessa
D:5:      layout_loops_ring, dk_xom_monty_hall, nicolae_elevator_lobby_plus

Skill      XL: |  1  2  3  4  5  6  7 |
---------------+----------------------+-----
Transmutations | 3 4 5 7 |  7.2
Spellcasting   | 3 4 6 |  6.7
Ice Magic      | 2 7 |  7.6
Fighting       | 5 |  5.1
Unarmed Combat | 6 |  6.1
Dodging        | |  2.0

Action                     |  1- 3 |  4- 6 |  7- 9 || total
---------------------------+-------+-------+-------++-------
  Melee: Unarmed           |    97 |   128 |     8 ||   233
         Constrict         |    31 |    36 |       ||    67
         Tentacles         |    19 |    32 |       ||    51
         Kick              |    28 |    50 |       ||    78
         Punch             |     1 |     1 |       ||     2
   Cast: Beastly Appendage |    20 |    40 |       ||    60
         Ice Form          |       |     1 |       ||     1
    Use: Potion            |       |     4 |     2 ||     6
         Scroll            |       |     2 |       ||     2
   Stab: Sleeping          |     2 |     2 |       ||     4
 Armour: Skin              |     8 |    28 |     1 ||    37
  Dodge: Dodged            |    52 |    64 |     5 ||   121

Table legend: (Time is in decaauts)
 A = Elapsed time spent in this place.
 B = Non-inter-level travel time spent in this place.
 C = Inter-level travel time spent in this place.
 D = Time resting spent in this place.
 E = Time spent auto-exploring this place.
 F = Levels seen in this place.
 G = Mean time per level.
                   A        B        C        D        E       F      G
               +--------+--------+--------+--------+--------+-----+--------+
         Total |   4245 |   4129 |    116 |    465 |   2715 |   5 |  849.0 |
       Dungeon |   4245 |   4129 |    116 |    465 |   2715 |   5 |  849.0 |
               +--------+--------+--------+--------+--------+-----+--------+

Top non-repeatable levels by time:
     D:3: 1181 daAuts
     D:1: 1144 daAuts
     D:2: 664 daAuts
     D:4: 637 daAuts
     D:5: 616 daAuts
